 Dungeon Crawl Stone Soup version 0.30-a0-341-g682706514a (webtiles) character file.

Game seed: 4780714839487852037

15 Harunobu the Trooper (level 2, 0/19 HPs)
             Began as a Gargoyle Monk on Oct 31, 2022.
             Slain by an endoplasm (3 damage)
             ... on level 1 of the Dungeon.
             The game lasted 00:00:38 (248 turns).

Harunobu the Trooper (Gargoyle Monk)                 Turns: 248, Time: 00:00:39

Health: 0/19       AC:  4    Str: 14    XL:     2   Next: 50%
Magic:  2/2        EV: 12    Int: 10    God:
Gold:   63         SH:  0    Dex: 12    Spells: 1/1 levels left

rFire   . . .      SeeInvis .    a - +0 mace
rCold   . . .      Faith    .    (no shield)
rNeg    + . .      Spirit   .    b - +0 robe
rPois   ∞          Reflect  .    (no helmet)
rElec   +          Harm     .    (no cloak)
rCorr   .          Rampage  .    (no gloves)
Will    .....                    (no boots)
Stlth   ++........               (no amulet)
HPRegen 0.23/turn                (no ring)
MPRegen 0.08/turn                (no ring)

@: no status effects
A: sickness immunity, AC +2, negative energy resistance 1, electricity
resistance, torment resistance 1, petrification resistance
a: no special abilities


You were on level 1 of the Dungeon.
You visited 1 branch of the dungeon, and saw 1 of its levels.

You collected 63 gold pieces.

Inventory:

Hand Weapons
 a - a +0 mace (weapon)
Armour
 b - a +0 robe (worn)
Potions
 c - a potion of ambrosia


   Skills:
 + Level 3.6 Fighting
 - Level 3.0 Maces & Flails
 + Level 2.6 Dodging
 + Level 2.7 Stealth


You had one spell level left.
You didn't know any spells.
Your spell library was empty.

Dungeon Overview and Level Annotations

Branches:
Dungeon (1/15)

Altars:

Shops:
D:1 (


Innate Abilities, Weirdness & Mutations

You are immune to sickness and miasma.
Your stone body is resilient. (AC +2)
You are immune to poison.
You resist negative energy. (rN+)
You are resistant to electric shocks. (rElec)
You are resistant to unholy torment.
You are immune to petrification.


Message History

The jackal is almost dead.
The jackal closely misses you. The jackal barely misses you.
The jackal bites you.
The jackal bites you but does no damage. x2
The jackal bites you. The endoplasm closely misses you.
The endoplasm freezes you.
You are frozen.
You barely miss the jackal.
The jackal is almost dead.
The jackal stops to sniff the ground.
The jackal bites you.
The jackal bites you but does no damage. x2
The endoplasm hits you but does no damage.
The endoplasm hits you. The jackal closely misses you. The jackal bites you.
The jackal bites you but does no damage.
You hit the jackal but do no damage.
The jackal is almost dead.
The jackal closely misses you. x3
The endoplasm freezes you.
You are frozen.
* * * LOW HITPOINT WARNING * * *
The endoplasm hits you but does no damage.
The jackal barely misses you. x2
The jackal attacks as you move away! The jackal barely misses you.
A dart slug comes into view.
The endoplasm barely misses you.
Found a scroll labelled KUTOTO ROPU.
A kobold comes into view. It is wielding a +0 short sword.
The endoplasm hits you but does no damage.
The jackal misses you. The dart slug launches a dart at you.
The slug dart hits you.
* * * LOW HITPOINT WARNING * * *
The endoplasm closely misses you. The endoplasm attacks as you move away!
The endoplasm completely misses you. The jackal attacks as you move away!
The jackal misses you.
The kobold shouts!
The jackal bites you but does no damage.
The endoplasm attacks as you move away! The endoplasm hits you.
You die...

#... #### # # # ### ##
##8###8###############.
##.K....J..##.....^.....
#8.?..w@h.hh.......#####
##......J...........#
#...##8#...........# #..
###...........# #8.
#...........# ##
#...........#
#...........#
........(...##
.....#......##


You could see a dart slug, 2 endoplasms, 3 jackals and a kobold.

Vanquished Creatures
  2 dart slugs (D:1)
  2 ball pythons (D:1)
  An endoplasm (D:1)
  A hobgoblin (D:1)
  A quokka (D:1)
  2 bats (D:1)
  A frilled lizard (D:1)
  A kobold (D:1)
11 creatures vanquished.

Notes
Turn   | Place    | Note
-------+----------+-------------------------------------------
     0 | D:1      | Harunobu the Gargoyle Monk began the quest for the Orb.
     0 | D:1      | Reached XP level 1. HP: 14/14 MP: 1/1
   103 | D:1      | Reached XP level 2. HP: 19/19 MP: 2/2
   171 | D:1      | Found Badinu's Antique Weapon Emporium.
   248 | D:1      | Slain by an endoplasm

Illustrated notes

Levels and vault maps discovered:
D:1:      kennysheep_arrival_forest, layout_rooms, serial_corexii_hall,
          corexii_hall_statues_x, corexii_hall_statues_u, serial_shops, shop

Action                   || total
-------------------------++-------
Melee: Mace              ||    32
       Punch             ||     2
 Stab: Sleeping          ||     1
Armor: Robe              ||    23
Dodge: Dodged            ||    34

Table legend: (Time is in decaauts)
 A = Elapsed time spent in this place.
 B = Non-inter-level travel time spent in this place.
 C = Inter-level travel time spent in this place.
 D = Time resting spent in this place.
 E = Time spent auto-exploring this place.
 F = Levels seen in this place.
 G = Mean time per level.
                   A        B        C        D        E       F      G
               +--------+--------+--------+--------+--------+-----+--------+
         Total |    255 |    255 |      0 |      0 |    151 |   1 |  255.0 |
       Dungeon |    255 |    255 |      0 |      0 |    151 |   1 |  255.0 |
               +--------+--------+--------+--------+--------+-----+--------+

Top non-repeatable levels by time:
     D:1: 255 daAuts
